 Dungeon Crawl Stone Soup version 0.31-a0-240-gb923e448b6 (webtiles) character file.

Game seed: 6476870231048408202

905 qw the Skirmisher (level 7, -3/61 HPs)
             Began as a Minotaur Hexslinger on July 12, 2023.
             Was an Initiate of Okawaru.
             Slain by Maggie
             ... wielding a +1 morningstar of holy wrath
              (5 damage)
             ... on level 5 of the Dungeon.
             The game lasted 00:02:03 (5596 turns).

qw the Skirmisher (Minotaur Hexslinger)             Turns: 5596, Time: 00:02:03

Health: -3/61      AC:  5    Str: 12    XL:     7   Next: 80%
Magic:  7/7        EV: 17    Int: 10    God:    Okawaru [......]
Gold:   195        SH:  0    Dex: 21    Spells: 7/8 levels left

rFire   . . .        Y - +2 sling
rCold   . . .        (no shield)
rNeg    . . .        i - +0 ring mail
rPois   .            (helmet restricted)
rElec   .            (no cloak)
rCorr   .            (no gloves)
SInv    .            (no boots)
Will    .....        (no amulet)
Stlth   +            a - +6 ring of dexterity
HPRegen 0.30/turn    g - +5 ring of evasion
MPRegen 0.10/turn

%: no passive effects
@: mesmerised
A: horns 2, retaliatory headbutt
a: Renounce Religion


You were on level 5 of the Dungeon.
You worshipped Okawaru.
Okawaru was noncommittal.
You visited 2 branches of the dungeon, and saw 7 of its levels.

You collected 195 gold pieces.


Innate Abilities, Weirdness & Mutations

You have a pair of horns on your head.
You reflexively headbutt those who attack you in melee.


   Skills:
 - Level 5.3 Fighting
 + Level 8.3 Ranged Weapons
 - Level 1.0 Armour
 - Level 3.3 Dodging
 - Level 1.0 Spellcasting
 - Level 2.0 Hexes


You had 7 spell levels left.
You knew the following spells:

 Your Spells              Type           Power      Damage    Failure   Level
a - Slow                  Hex            16%        N/A       34%         1

Your spell library contained the following spells:

 Spells                   Type           Power      Damage    Failure   Level
 Inner Flame              Hex/Fire       2%         N/A       83%         3
 Portal Projectile        Hex/Tloc       4%         N/A       83%         3
 Cause Fear               Hex            2%         N/A       98%         4

Inventory:

Hand Weapons
 Y - a +2 sling (weapon)
Armour
 i - a +0 ring mail (worn)
Jewellery
 a - a +6 ring of dexterity (left hand)
 g - a +5 ring of evasion (right hand)
 l - a ring of protection from fire
Scrolls
 d - a scroll of identify
Potions
 b - a potion of might
 f - a potion of haste
 h - a potion of enlightenment {unknown}
 m - a potion of lignification {unknown}
 o - a potion of brilliance {unknown}

Dungeon Overview and Level Annotations

Branches:
Dungeon (6/15)             Temple (1/1) D:5

Altars:
Ashenzari
Cheibriados
Dithmenos
Elyvilon
Fedhas
Gozag
Hepliaklqana
Kikubaaqudgha
Makhleb
Nemelex Xobeh
Okawaru
Qazlal
Ru
Sif Muna
Trog
Uskayaw
Vehumet
Wu Jian
Xom
Yredelemnul
The Shining One

Shops:
D:1 :=*[   D:2 =

Annotations:
D:5 Maggie


Message History

You climb upwards.
There is a stone staircase leading down here.
You shoot a sling bullet.
The sling bullet hits Maggie but does no damage.
Maggie is severely wounded.
Maggie closely misses you. You furiously retaliate!
You headbutt Maggie. You shoot a sling bullet.
The sling bullet hits Maggie but does no damage.
Maggie is severely wounded.
Maggie hits you with a +1 morningstar of holy wrath!
You shoot a sling bullet. The sling bullet hits Maggie.
Maggie is severely wounded.
Maggie hits you with a +1 morningstar of holy wrath!
You shoot a sling bullet. The sling bullet barely misses Maggie.
Maggie gestures at you while chanting. The bolt of fire misses you.
You shoot a sling bullet.
The sling bullet hits Maggie but does no damage.
Maggie is severely wounded.
Maggie casts a spell at you. The bolt of fire misses you.
You shoot a sling bullet. The sling bullet hits Maggie!
Maggie is almost dead.
Maggie mumbles some strange words.
Maggie attempts to bespell you!
You are mesmerised by Maggie!
Maggie closely misses you.
You shoot a sling bullet. The sling bullet hits Maggie.
Maggie is almost dead.
Maggie hits you with a +1 morningstar of holy wrath!
You shoot a sling bullet. The sling bullet barely misses Maggie.
Maggie mutters to herself, "Master Lance won't take me back.
This is the way forward."
Maggie completely misses you.
You shoot a sling bullet. The sling bullet closely misses Maggie.
Maggie closely misses you.
You shoot a sling bullet.
The sling bullet hits Maggie but does no damage.
Maggie is almost dead.
Maggie hits you with a +1 morningstar of holy wrath.
You die...

##...#.........#.#.....##
#....
...............#.#....##
#....
...............#.#.#'##
#....
...........##.##.#.#.#
#....
...#.###.#.#<..#.#.#.#
#....
...#.###.....###.#.#.#
#....
...#....<........#.#.#
#....
...#######.....#.#...#
#....
#..............@@..###
#....
#.################.#
#.... #.# #............#
#....
#.#####.############
####. ......#.# #.
#.###.#.# #. #.# #.#.# #.
#.# #.#.# #. #.# #.#.# #.


You could see Maggie (mesmerising).

Vanquished Creatures
  An orc warrior (D:6)
  A phantom (D:5)
  A scorpion (D:5)
  A howler monkey (D:5)
  A jelly (D:5)
  An orc priest (D:4)
  A gnoll bouda (D:4)
  2 iguanas
  2 sleepcaps
  Natasha (thrice) (D:2)
  2 orc wizards
  8 gnolls
  9 adders
  A white imp (D:5)
  2 worms
  2 dart slugs
  23 orcs
  10 ball pythons
  7 endoplasms
  2 giant cockroaches
  11 goblins
  6 hobgoblins
  3 quokkas
  3 bats
  6 frilled lizards
  5 kobolds
  6 rats
120 creatures vanquished.

Vanquished Creatures (others)
  An orc wizard (D:4)
1 creature vanquished.

Grand Total: 121 creatures vanquished

Notes
Turn   | Place    | Note
-------+----------+-------------------------------------------
     0 | D:1      | qw the Minotaur Hexslinger began the quest for the Orb.
     0 | D:1      | Reached XP level 1. HP: 16/16 MP: 1/1
     0 | D:1      | 0 ||| qw: Version: 0.3-a-52-g30416fa
     0 | D:1      | 0 ||| qw: Game counter: 6139
     0 | D:1      | 0 ||| qw: Melee chars always use a shield: true
     0 | D:1      | 0 ||| qw: God list: Okawaru
     0 | D:1      | 0 ||| qw: Allow faded altars: false
     0 | D:1      | 0 ||| qw: Do Orc after clearing Dungeon:15 true
     0 | D:1      | 0 ||| qw: Do second Lair branch before Depths: true
     0 | D:1      | 0 ||| qw: Lair rune preference: random
     0 | D:1      | 0 ||| qw: Goals: Normal
     0 | D:1      | 0 ||| PLANNING D:1-11
    42 | D:1      | Found Jeigg's Assorted Antiques.
    53 | D:1      | 53 ||| SHOPLISTING fizzy yellow potion (22 gold, have 0).
    53 | D:1      | 53 ||| SHOPLISTING leather armour (50 gold, have 0).
    53 | D:1      | 53 ||| SHOPLISTING scroll labelled EMIURPH NEIHUMY (25
                  | gold, have 0).
    53 | D:1      | 53 ||| SHOPLISTING scroll labelled HAGIWUD ZYTOP (25 gold,
                  | have 0).
    68 | D:1      | Found Nickowoq's Armour Shop.
    78 | D:1      | 78 ||| SHOPLISTING +0 leather armour (20 gold, have 0).
    78 | D:1      | 78 ||| SHOPLISTING +0 pair of boots (45 gold, have 0).
    78 | D:1      | 78 ||| SHOPLISTING +0 pair of gloves (45 gold, have 0).
    78 | D:1      | 78 ||| SHOPLISTING +0 pair of gloves of infusion (115 gold,
                  | have 0).
    78 | D:1      | 78 ||| SHOPLISTING +0 ring mail (40 gold, have 0).
    78 | D:1      | 78 ||| SHOPLISTING +3 leather armour of cold resistance
                  | (240 gold, have 0).
   106 | D:1      | Reached skill level 3 in Ranged Weapons
   107 | D:1      | Reached XP level 2. HP: 23/23 MP: 2/2
   211 | D:1      | Found Qaufogg's Book Boutique.
   224 | D:1      | Found Ceserr's Jewellery Emporium.
   236 | D:1      | 236 ||| SHOPLISTING +5 ring of evasion (432 gold, have 29).
   236 | D:1      | 236 ||| SHOPLISTING amulet of reflection (360 gold, have
                  | 29).
   236 | D:1      | 236 ||| SHOPLISTING ring of positive energy (240 gold, have
                  | 29).
   236 | D:1      | 236 ||| SHOPLISTING ring of protection from cold (300 gold,
                  | have 29).
   357 | D:1      | 357 ||| UPGRADING to +0 leather armour.
   367 | D:1      | 367 ||| DROPPING +0 robe.
   368 | D:1      | 368 ||| READING scroll labelled BUYL YHITUPLIK.
   369 | D:1      | 369 ||| READING scroll labelled HEOGRE NUELU.
   370 | D:1      | 370 ||| DROPPING scroll of poison.
   486 | D:2      | Noticed Natasha
   493 | D:2      | Killed Natasha
   494 | D:2      | Reached skill level 4 in Ranged Weapons
   494 | D:2      | Reached XP level 3. HP: 22/29 MP: 3/3
   574 | D:2      | Noticed Natasha
   585 | D:2      | Killed Natasha
   586 | D:2      | Reached XP level 4. HP: 32/36 MP: 4/4
   714 | D:2      | Reached skill level 5 in Ranged Weapons
  1163 | D:2      | Found Ugud's Jewellery Shoppe.
  1174 | D:2      | 1174 ||| SHOPLISTING +6 ring of strength (360 gold, have
                  | 82).
  1174 | D:2      | 1174 ||| SHOPLISTING amulet of Cuischucw {Acrobat Str+3
                  | Int+3} (496 gold, have 82).
  1174 | D:2      | 1174 ||| SHOPLISTING amulet of regeneration (300 gold, have
                  | 82).
  1174 | D:2      | 1174 ||| SHOPLISTING amulet of the acrobat (300 gold, have
                  | 82).
  1174 | D:2      | 1174 ||| SHOPLISTING ring of poison resistance (200 gold,
                  | have 82).
  1238 | D:2      | Noticed Natasha
  1246 | D:2      | Killed Natasha
  1247 | D:2      | Reached skill level 3 in Fighting
  1247 | D:2      | Reached XP level 5. HP: 36/45 MP: 5/5
  1424 | D:2      | 1424 ||| UPGRADING to +0 ring mail.
  1434 | D:2      | 1434 ||| DROPPING +0 leather armour.
  1435 | D:2      | 1435 ||| UPGRADING to +6 ring of dexterity.
  1436 | D:2      | 1436 ||| DROPPING ring of wizardry.
  1437 | D:2      | 1437 ||| UPGRADING to +5 ring of evasion.
  1438 | D:2      | 1438 ||| DRINKING 2 dark potions.
  1439 | D:2      | 1439 ||| DRINKING 2 blue potions.
  1944 | D:3      | Reached skill level 1 in Armour
  1975 | D:3      | Found a shadowy altar of Dithmenos.
  1976 | D:3      | Found a glowing golden altar of the Shining One.
  1976 | D:3      | Found a shimmering blue altar of Sif Muna.
  1976 | D:3      | Found an ornate altar of the Wu Jian Council.
  1979 | D:3      | Found a blossoming altar of Fedhas.
  2391 | D:3      | 2391 ||| READING 2 scrolls labelled HAGIWUD ZYTOP.
  2392 | D:3      | 2392 ||| READING scroll labelled HOHEWN TOAQAKA.
  2449 | D:4      | 2449 ||| STAIRDANCE
  2553 | D:4      | 2553 ||| STAIRDANCE
  2599 | D:4      | 2599 ||| STAIRDANCE
  2640 | D:4      | 2640 ||| STAIRDANCE
  2690 | D:4      | 2690 ||| STAIRDANCE
  2769 | D:4      | Reached skill level 6 in Ranged Weapons
  2818 | D:4      | 2818 ||| Stepping ~*~*~tactically~*~*~ (outnumbered).
  2832 | D:4      | Reached XP level 6. HP: 52/52 MP: 6/6
  3000 | D:4      | 3000 ||| DRINKING potion of curing.
  3000 | D:4      | 3000 ||| (to cure confusion)
  3552 | D:4      | 3552 ||| READING scroll labelled RUZEAL FONURRI.
  3556 | D:4      | 3556 ||| READING scroll labelled OFASOZ ABORURY.
  3657 | D:4      | 3657 ||| DRINKING 2 metallic blue potions.
  3658 | D:4      | 3658 ||| READING 2 scrolls of identify.
  3658 | D:4      | 3658 ||| IDENTIFYING yellow potion
  3713 | D:5      | Entered Level 5 of the Dungeon
  3781 | D:5      | Reached skill level 7 in Ranged Weapons
  3857 | D:5      | Reached skill level 3 in Dodging
  3857 | D:5      | Reached XP level 7. HP: 57/59 MP: 7/7
  4530 | D:5      | Reached skill level 8 in Ranged Weapons
  4645 | D:5      | Found a staircase to the Ecumenical Temple.
  4646 | D:5      | 4646 ||| PLANNING TEMPLE
  4646 | D:5      | 4646 ||| DROPPING ring of resist corrosion.
  4647 | D:5      | 4647 ||| READING scroll labelled URCHOA WUTITT.
  4648 | D:5      | 4648 ||| READING scroll labelled DALIGH BOL BUJO.
  4657 | Temple   | Entered the Ecumenical Temple
  4723 | Temple   | 4723 ||| PLANNING OKAWARU WORSHIP
  4956 | Temple   | Became a worshipper of Warmaster Okawaru
  4957 | Temple   | 4957 ||| PLANNING D:1-11
  5288 | D:6      | HP: 9/61 [orc priest/divine providence (9)]
  5289 | D:6      | 5289 ||| READING 2 scrolls of teleportation.
  5290 | D:6      | 5290 ||| DRINKING potion of heal wounds.
  5293 | D:6      | Noticed Maggie
  5294 | D:6      | 5294 ||| FLEEEEING.
  5301 | D:6      | HP: 12/61 [iguana (9)]
  5302 | D:6      | 5302 ||| READING scroll of teleportation.
  5311 | D:6      | 5311 ||| FLEEEEING.
  5312 | D:6      | 5312 ||| FLEEEEING.
  5313 | D:6      | 5313 ||| FLEEEEING.
  5314 | D:6      | 5314 ||| STAIRDANCE
  5488 | D:6      | 5488 ||| STAIRDANCE
  5585 | D:6      | 5585 ||| STAIRDANCE
  5593 | D:5      | HP: 1/61 [Maggie/+1 morningstar of holy wrath (17)]
  5596 | D:5      | Slain by Maggie

Levels and vault maps discovered:
D:1:      erik_arrival_triangle_small, layout_basic, serial_shops,
          nicolae_shop_crystal, shop, shop, nicolae_shop_stone,
          skrybe_limestone_x
D:2:      minmay_skewed_foursquare, layout_basic, serial_shops, shop_fountains,
          minmay_octomino_j4, uniq_natasha
D:3:      layout_loops_corners, minitemple, chequers_serial_rivers_micro_d,
          chequers_serial_rivers_micro_b
D:4:      layout_loops_cross, serial_aquarium, aquarium_bridge_long_separate
          [aquarium_subvault_wall, aquarium_subvault_window,
          aquarium_subvault_bridge, aquarium_subvault_bridge,
          aquarium_subvault_bridge, aquarium_subvault_balcony],
          aquarium_bridge_square [aquarium_subvault_wall,
          aquarium_subvault_bridge, aquarium_subvault_window,
          aquarium_subvault_bridge], aquarium_window_fake, aquarium_window_fake,
          aquarium_window_2, aquarium_view_2a
D:5:      layout_basic, lemuel_temple_firewalk_a
D:6:      layout_loops_ring, zin_purify, serial_shops, kennysheep_little_box,
          uniq_maggie
Temple:   minmay_temple_bridge_d

Skill      XL: |  1  2  3  4  5  6  7 |
---------------+----------------------+-----
Ranged Weapons | 3 4 5 6 7 8 |  8.3
Fighting       | 2 3 4 5 |  5.3
Armour         | 1 |  1.0
Dodging        | 3 |  3.3
Spellcasting   | |  1.0
Hexes          | |  2.0

Action                     |  1- 3 |  4- 6 |  7- 9 || total
---------------------------+-------+-------+-------++-------
   Fire: Sling             |    98 |   285 |   104 ||   487
    Use: Scroll            |     2 |     5 |     4 ||    11
         Potion            |       |     4 |     1 ||     5
 Armour: Robe              |     4 |       |       ||     4
         Leather armour    |     2 |     5 |       ||     7
         Ring mail         |       |    24 |    13 ||    37
  Dodge: Dodged            |    26 |   160 |    46 ||   232

Table legend:
 A = Non-vault XP
 B = Vault XP
 C = Vault XP percentage of total XP
 D = Non-vault monster count
 E = Vault monster count
 F = Vault count percentage of total count
                 A         B        C        D         E       F
            +---------+---------+-------+---------+---------+-------
      Total |    1241 |      52 |   4.0 |     110 |      11 |   9.1
            +---------+---------+-------+---------+---------+-------
        D:1 |      34 |       0 |   0.0 |      22 |       0 |   0.0
        D:2 |     121 |      52 |  30.1 |      20 |      11 |  35.5
        D:3 |      68 |       0 |   0.0 |      14 |       0 |   0.0
        D:4 |     316 |       0 |   0.0 |      35 |       0 |   0.0
        D:5 |     490 |       0 |   0.0 |      16 |       0 |   0.0
        D:6 |     212 |       0 |   0.0 |       3 |       0 |   0.0
            +---------+---------+-------+---------+---------+-------
